 Dungeon Crawl Stone Soup version 0.24-a0-272-g14115134c2 (console) character file.

Game seed: 3314206617084372604

20 Mumcon the Charmwright (level 2, -2/20 HPs)
             Began as a Demigod Wanderer on Apr 25, 2019.
             Killed from afar by a dart slug (4 damage)
             ... with a slug dart
             ... on level 1 of the Dungeon.
             The game lasted 00:08:10 (853 turns).

Mumcon the Charmwright (Demigod Wanderer)            Turns: 853, Time: 00:08:10

Health: -2/20      AC:  2    Str: 12    XL:     2   Next: 42%
Magic:  5/6        EV: 11    Int: 21    God:
Gold:   28         SH:  0    Dex: 13    Spells: 1/4 levels left

rFire    . . .     SeeInvis .   a - +0 dagger
rCold    . . .     Gourm    .   (no shield)
rNeg     . . .     Faith    .   d - +0 robe
rPois    .         Spirit   .   (no helmet)
rElec    .         Reflect  .   (no cloak)
rCorr    .         Harm     .   (no gloves)
MR       .....                  (no boots)
Stlth    ++........             (no amulet)
HPRegen  0.06/turn              (no ring)
MPRegen  0.10/turn              (no ring)

@: no status effects
A: high mp 1
a: no special abilities


You were on level 1 of the Dungeon.
You were not hungry.

You visited 1 branch of the dungeon, and saw 1 of its levels.

You collected 28 gold pieces.

Inventory:

Hand Weapons
 a - a +0 dagger (weapon)
Missiles
 e - 15 stones (quivered)
Armour
 d - a +0 robe (worn)
Scrolls
 b - a scroll of amnesia {unknown}
 c - a scroll of teleportation
Potions
 i - a potion of magic
Comestibles
 f - 2 rations


   Skills:
 + Level 0.6 Short Blades
 - Level 1.7 Throwing
 + Level 0.8 Stealth
 * Level 1.5 Spellcasting
 + Level 3.7 Charms
   Level 1.0 Summonings
   Level 1.0 Earth Magic
   Level 1.0 Poison Magic


You had one spell level left.
You knew the following spells:

 Your Spells              Type           Power        Failure   Level  Hunger
a - Infusion              Chrm           ###.         3%          1    #......
b - Song of Slaying       Chrm           ###.....     4%          2    ###....

Your spell library contained the following spells:

 Spells                   Type           Power        Failure   Level  Hunger
 Sandblast                Erth           #.....       11%         1    #......
 Shroud of Golubria       Chrm/Tloc      #.........   11%         2    ###....
 Regeneration             Chrm/Necr      #.........   22%         3    ###....
 Spectral Weapon          Hex/Chrm       #.......     22%         3    ###....
 Stone Arrow              Conj/Erth      #.....       36%         3    ###....


Dungeon Overview and Level Annotations

Branches:
Dungeon (1/15)

Annotations:
D:1 exclusion: hobgoblin


Innate Abilities, Weirdness & Mutations

You have an increased reservoir of magic. (+10% MP)


Message History

The dart slug launches a dart at you. The slug dart hits you.
You are no longer magically infusing your attacks.
The dart slug launches a dart at you. The slug dart hits you.
* * * LOW HITPOINT WARNING * * *
You hit the dart slug but do no damage. The dart slug bites you.
* * * LOW HITPOINT WARNING * * *
You hit the dart slug but do no damage.
The dart slug bites you but does no damage.
You hit the dart slug but do no damage. You hit the dart slug.
The dart slug is heavily wounded.
The dart slug bites you.
* * * LOW HITPOINT WARNING * * *
You hit the dart slug.
The dart slug is almost dead.
The dart slug launches a dart at you. The slug dart hits you.
You die...

#)# #.# #.# #.# #.# #.#
#.# #.# ### #.####.#
#.# #.# ...
#......####.###.##.##.#
#.......##............#
##.####.##..##.#.#.#.##
#..........##.#.#.#
######.###.##.....# #.#
#.##.@.### #?. #.##..w#
# ##.##.##.....
..#.##.#.#... ##
#.#.##...#..... .####
.. ##### ...# ..≈≈# #..
.... .≈≈≈≈# #.. ≈≈≈≈≈#


You could see a dart slug.

Vanquished Creatures
  2 dart slugs (D:1)
  A goblin (D:1)
  2 hobgoblins (D:1)
  2 jackals (D:1)
  3 kobolds (D:1)
  2 bats (D:1)
  2 rats (D:1)
14 creatures vanquished.

Notes
Turn   | Place    | Note
-------+----------+-------------------------------------------
     0 | D:1      | Mumcon the Demigod Wanderer began the quest for the Orb.
     0 | D:1      | Mumcon set off with the following items: a +0 dagger, a
                  | scroll of teleportation, a +0 robe, a ration; and the
                  | following spells available to memorise: Infusion, Song of
                  | Slaying, Sandblast, Shroud of Golubria, Regeneration,
                  | Spectral Weapon, Stone Arrow
     0 | D:1      | Reached XP level 1. HP: 14/14 MP: 4/4
     2 | D:1      | Learned a level 1 spell: Infusion
   415 | D:1      | Reached XP level 2. HP: 16/20 MP: 6/6
   794 | D:1      | Learned a level 2 spell: Song of Slaying
   853 | D:1      | Killed from afar by a dart slug

Levels and vault maps discovered:
D:1:      dpeg_arrival_chase, layout_basic

Action                   || total
-------------------------++-------
Melee: Dagger            ||    78
 Cast: Infusion          ||     4
       Song of Slaying   ||     1
  Use: Potion            ||     2
 Stab: Sleeping          ||     1
Armor: Robe              ||    11
Dodge: Dodged            ||    44

Table legend:
 A = Non-vault XP
 B = Vault XP
 C = Vault XP percentage of total XP
 D = Non-vault monster count
 E = Vault monster count
 F = Vault count percentage of total count
                 A         B        C        D         E       F
            +---------+---------+-------+---------+---------+-------
      Total |      29 |       0 |   0.0 |      14 |       0 |   0.0
            +---------+---------+-------+---------+---------+-------
        D:1 |      29 |       0 |   0.0 |      14 |       0 |   0.0
            +---------+---------+-------+---------+---------+-------
